 Dungeon Crawl Stone Soup version 0.28.0-53-g5a82cb258f (webtiles) character file.

Game seed: 6107572261456068863

30451 infcreate the Unseen (level 13, -13/63 HPs)
             Began as a Vampire Enchanter on July 6, 2022.
             Was an Elder of Dithmenos.
             Mangled by a death yak (25 damage)
             ... on level 3 of the Lair of Beasts.
             The game lasted 00:47:08 (18773 turns).

infcreate the Unseen (Vampire Enchanter)           Turns: 18773, Time: 00:47:09

Health: -13/63     AC:  9    Str:  7    XL:     13   Next: 20%
Magic:  26/35      EV: 21    Int: 22    God:    Dithmenos [****..]
Gold:   1377       SH:  5    Dex: 23    Spells: 20/31 levels left

rFire   . . .      SeeInvis +   G - +5 dagger (freeze)
rCold   + + .      Faith    .   (no shield)
rNeg    + + +      Spirit   .   D - +0 steam dragon scales
rPois   ∞          Reflect  +   A - +1 helmet {Int+3}
rElec   .          Harm     .   E - +0 cloak
rCorr   .          Rampage  .   b - +0 pair of gloves
Will    +....                   (no boots) Stlth ***+++++++
                                a - amulet "Foisaupo" {Reflect Dex+5 SH+5}
HPRegen 0.00/turn               L - ring of flight
MPRegen 0.24/turn               M - ring of magical power

@: confusing by touch, flying, bloodless, inhibited regen, wreathed by umbra
A: bloodless, fangs 3, see invisible, vampiric 2
a: Bat Form, Revivify, Renounce Religion, Shadow Step


You were on level 3 of the Lair of Beasts.
You worshipped Dithmenos.
Dithmenos was greatly pleased with you.
You visited 3 branches of the dungeon, and saw 16 of its levels.

You collected 2042 gold pieces.
You spent 665 gold pieces at shops.


Innate Abilities, Weirdness & Mutations

You do not regenerate when monsters are visible.
You are frail without blood (-20% HP).
You can heal yourself when you bite living creatures.
You are immune to poison.
You have razor-sharp teeth.
You have supernaturally acute eyesight. (SInv)
You are afflicted with vampirism and can become a bat while bloodless.


   Skills:
 + Level 11.3 Short Blades
 + Level 11.4 Dodging
 + Level 16.1 Stealth
 + Level 9.7 Spellcasting
 + Level 14.9 Hexes


You had 20 spell levels left.
You knew the following spells:

 Your Spells              Type           Power      Damage    Failure   Level
c - Confusing Touch       Hex            67%        N/A       1%          3
d - Tukima's Dance        Hex            67%        N/A       1%          3
e - Ensorcelled Hibernat  Hex/Ice        86%        N/A       1%          2
f - Dazzling Flash        Conj/Hex       86%        N/A       1%          3

Your spell library contained the following spells:

 Spells                   Type           Power      Damage    Failure   Level
 Beastly Appendage        Tmut           20%        N/A       6%          1
 Sting                    Tmut/Pois      40%        1d5       6%          1
 Poisonous Vapours        Pois/Air       20%        N/A       10%         2
 Sublimation of Blood     Necr           10%        N/A       10%         2
 Wereblood                Tmut           10%        N/A       10%         2
 Conjure Flame            Conj/Fire      10%        6-21      19%         3
 Gell's Gravitas          Tloc           10%        N/A       19%         3
 Ignite Poison            Fire/Tmut/Pois 10%        N/A       19%         3
 Ozocubu's Armour         Ice            10%        N/A       19%         3
 Spider Form              Tmut/Pois      10%        N/A       19%         3
 Teleport Other           Tloc           10%        N/A       19%         3
 Hailstorm                Conj/Ice       10%        3d5       52%         4
 Ice Form                 Ice/Tmut       10%        N/A       52%         4
 Olgreb's Toxic Radiance  Pois           10%        N/A       52%         4
 Sticky Flame             Conj/Fire      10%        2d3       52%         4
 Fireball                 Conj/Fire      5%         3d5       86%         5
 Dispersal                Tloc           5%         N/A       100%        6
 Simulacrum               Ice/Necr       5%         N/A       100%        6
 Starburst                Conj/Fire      5%         6d4       100%        6
 Ozocubu's Refrigeration  Ice            5%         4d6       100%        7
 Summon Hydra             Summ           5%         N/A       100%        7
 Ignition                 Fire           5%         3d4       100%        8

Inventory:

Hand Weapons
 p - a +4 dagger of venom
 x - the +12 dagger of the Endless Expanse {antimagic, rC- rN+++ Str+4}
   (You found it on level 6 of the Dungeon)

   It reduces the magical energy of the wielder, and disrupts the spells and
   magical abilities of those it strikes.
   Natural abilities and divine invocations are not affected.
   Str:       It affects your strength (+4).
   rC:        It makes you vulnerable to cold.
   rN:        It renders you almost immune to negative energy.
 G - a +5 dagger of freezing (weapon)
Armour
 b - a +0 pair of gloves (worn)
 A - a +1 helmet of intelligence (worn)
 D - +0 steam dragon scales (worn)
 E - a +0 cloak (worn)
Magical Staves
 J - a staff of fire {!a}
Jewellery
 a - the amulet "Foisaupo" (around neck) {Reflect Dex+5 SH+5}
   (You bought it in a shop on level 4 of the Dungeon)

   [amulet of reflection]

   It reflects blocked missile attacks.
   Dex:       It affects your dexterity (+5).
   SH:        It affects your SH (+5).
 i - an amulet of the acrobat
 C - a ring of ice
 L - a ring of flight (left hand)
 M - a ring of magical power (right hand)
 R - a ring of resist corrosion
Wands
 m - a wand of iceblast (18)
 r - a wand of charming (5)
 y - a wand of acid (15)
 B - a wand of digging (10)
 F - a wand of flame (27)
Scrolls
 e - 2 scrolls of summoning
 f - 5 scrolls of teleportation {@r2}
 g - a scroll of blinking
 h - 5 scrolls of fear
 n - a scroll of magic mapping
 u - a scroll of noise {unknown}
 v - a scroll of fog {unknown}
Potions
 c - 3 potions of invisibility
 d - 3 potions of cancellation
 j - 4 potions of curing {@q1}
 k - 2 potions of flight {unknown}
 l - a potion of brilliance {unknown}
 o - a potion of haste {@q3}
 q - a potion of berserk rage {unknown}
 t - 4 potions of heal wounds {@q2}
 w - 2 potions of ambrosia {unknown}
 z - a potion of resistance {unknown}
 H - a potion of degeneration {unknown}
 I - 2 potions of might {unknown}
Miscellaneous
 s - a lightning rod (4/4)

Dungeon Overview and Level Annotations

Branches:
Dungeon (11/15)            Temple (1/1) D:5            Lair (4/6) D:8
  Snake (0/4) Lair:4          Orc (0/2) D:10
  Swamp: Lair:2-4    Shoals: Lair:2-4

Altars:
Ashenzari
Cheibriados
Dithmenos
Elyvilon
Fedhas
Gozag
Hepliaklqana
Kikubaaqudgha
Makhleb
Nemelex Xobeh
Okawaru
Qazlal
Ru
Sif Muna
Trog
Uskayaw
Vehumet
Wu Jian
Xom
Yredelemnul
Zin
The Shining One

Shops:
D:4 =   D:7 ([   D:11 *

Annotations:
Lair:2 2 transporters, mememasterpepo's ghost, novice DgCj

...##.#..#+P.#######...#.#.##
##.####.#..### ##....##(## #.##
#..#..# ###.#+#.#†#### ###
#P....# #......)...... ##..#+##
##..........#.. # ##....#
#.............. ♣ #....###
##...........### ♣♣♣♣♣♣
#......###.#†............
♣..♣P♣♣♣♣....#..@YS'.........>..#
≈≈≈.♣♣♣P♣♣♣.....####..†..........
≈≈≈≈≈♣.♣.♣♣..#### #.>....#......
≈≈≈≈≈≈≈♣♣....# #####.........
≈≈≈≈≈≈≈≈≈≈≈.## #....#.#..
≈≈≈≈≈≈≈≈≈≈≈.# #.........
≈≈≈≈≈≈≈≈≈≈÷.## #.......P.
≈≈≈≈≈≈≈.♣♣...# ##P#######
≈≈≈♣≈≈.♣..♣..# ###


You could see a death yak (blind) and a water moccasin (blind).


Message History

There is a stone staircase leading up, spattered with blood here.
Unknown command.
The water moccasin misses you. The death yak gores you!
The water moccasin bites you.
You fly upwards.
There is a stone staircase leading down here.
Unknown command.
The death yak gores you!
* * * LOW HITPOINT WARNING * * *
There is an open door here.
Casting: Confusing Touch (safe; 1% risk of failure)
Confirm with . or Enter, or press ? or * to list all spells.
Casting: Dazzling Flash (safe; 1% risk of failure)
Press: ? - help, Dir - look around, f - activate
Casting: Dazzling Flash (safe; 1% risk of failure)
Confirm with . or Enter, or press ? or * to list all spells.
Casting: Dazzling Flash (safe; 1% risk of failure)
Press: ? - help, Dir - look around, f - activate The water moccasin is dazzled.
The death yak gores you!
* * * LOW HITPOINT WARNING * * *
Casting: Dazzling Flash (safe; 1% risk of failure)
Confirm with . or Enter, or press ? or * to list all spells.
Casting: Dazzling Flash (safe; 1% risk of failure)
Press: ? - help, Dir - look around, f - activate The death yak is dazzled.
The death yak gores you.
* * * LOW HITPOINT WARNING * * *
You hit the death yak but do no damage.
You bite the death yak, but do no damage.
The death yak gores you!!
You die...

Skill      XL: |  1  2  3  4  5  6  7  8  9 10 11 12 13 |
---------------+----------------------------------------+-----
Stealth        | 5 6 7 9 10 12 14 15 16 | 16.1
Short Blades   | 2 3 4 5 7 8 9 11 | 11.3
Hexes          | 5 6 7 8 10 11 13 14 | 14.9
Dodging        | 3 4 5 6 7 8 9 11 | 11.4
Spellcasting   | 3 4 5 6 7 8 9 |  9.7

Action                   |  1- 3 |  4- 6 |  7- 9 | 10-12 | 13-15 || total
-------------------------+-------+-------+-------+-------+-------++-------
Melee: Dagger            |    64 |   135 |   237 |   490 |    47 ||   973
       Bite              |     2 |    19 |    26 |    86 |     7 ||   140
       Punch             |       |       |     4 |     7 |       ||    11
 Cast: Ensorcelled Hiber |    19 |    12 |    36 |    36 |     4 ||   107
       Confusing Touch   |     1 |    19 |    35 |   102 |    10 ||   167
       Tukima's Dance    |       |     6 |    17 |    36 |       ||    59
       Dazzling Flash    |       |       |       |     4 |     3 ||     7
 Abil: Exsanguinate      |     1 |       |       |       |       ||     1
Evoke: Wand              |       |       |     3 |       |       ||     3
  Use: Scroll            |       |     1 |     6 |     8 |       ||    15
 Stab: Sleeping          |    30 |    27 |    45 |    37 |    10 ||   149
       Confused          |     1 |    10 |    21 |    91 |     9 ||   132
       Distracted        |       |     1 |     1 |     1 |       ||     3
       Invisible         |       |       |       |     1 |       ||     1
Armor: Robe              |     1 |     9 |    10 |       |       ||    20
       Steam dragon scal |       |       |     6 |    38 |    11 ||    55
Dodge: Dodged            |    14 |    61 |   103 |   270 |    35 ||   483
Block: Other             |       |       |       |    19 |     8 ||    27

Levels and vault maps discovered:
D:1:      scummos_arrival_simple_crosswalls, layout_basic,
          hellmonk_ecumenical_altar_pennies_from_heaven
D:2:      layout_loops_cross, bh_walls_and_bars, uniq_robin
D:3:      layout_loops_ring
D:4:      layout_loops_ring, minmay_overflow_temple_hex, serial_shops,
          nicolae_shop_crystal, kennysheep_small_square, uniq_menkaure,
          uniq_eustachio
D:5:      layout_loops_ring, temple_statues, st_stairs_2
D:6:      layout_loops_corners, kennysheep_generic_room_9
D:7:      layout_basic, serial_shops, nicolae_square_shop,
          nicolae_shop_behind_doors
D:8:      layout_loops_ring, mainiacjoe_overflow_alcove_1, dpeg_lair_monsters,
          uniq_maurice, uniq_joseph, uniq_maggie
D:9:      layout_basic, nicolae_overflow_crystal_walls,
          hangedman_decor_diamond_cutter, hangedman_ranch
D:10:     layout_loops_ring, nemelex_spade_bored_becter,
          kennysheep_orc_monster_closet_entryway, minmay_fractal_squares_5
D:11:     layout_cave_pools, nicolae_take_the_stairs, minmay_crystal_room
Temple:   dshaligram_water_room_temple
Lair:1:   layout_regular_city, infiniplex_staircase_pool_2, grunt_megastairs_1
Lair:2:   layout_cave_shapes, gammafunk_ghost_berserking_beasts, minivault_19
Lair:3:   layout_roguey, wad_woods_river_02, st_stairs_3, serial_bayou_shore_a,
          grunt_megastairs_4, serial_bayou_shore_b, uniq_urug
Lair:4:   layout_small_grid, palyth_hydra_swamp_entry,
          minmay_snake_entry_six_corridors, chequers_serial_rivers_small_a

Notes
Turn   | Place    | Note
-------+----------+-------------------------------------------
     0 | D:1      | infcreate the Vampire Enchanter began the quest for the
                  | Orb.
     0 | D:1      | Reached XP level 1. HP: 13/13 MP: 3/3
   298 | D:1      | Found a faded altar of an unknown god.
   518 | D:1      | Reached XP level 2. HP: 15/15 MP: 5/5
   521 | D:1      | Learned a level 2 spell: Ensorcelled Hibernation
  1286 | D:2      | Gained mutation: You are afflicted with vampirism and can
                  | become a bat while bloodless. [Vampire growth]
  1286 | D:2      | Reached XP level 3. HP: 19/19 MP: 6/6
  1290 | D:2      | Learned a level 3 spell: Confusing Touch
  1392 | D:2      | Reached skill level 5 in Stealth
  1491 | D:2      | Reached skill level 2 in Short Blades
  1491 | D:2      | Reached skill level 5 in Hexes
  2057 | D:2      | Reached XP level 4. HP: 24/24 MP: 2/7
  2061 | D:2      | Learned a level 3 spell: Tukima's Dance
  2299 | D:2      | Noticed Robin
  2344 | D:2      | Reached skill level 3 in Dodging
  2614 | D:2      | Killed Robin
  3171 | D:3      | Reached XP level 5. HP: 28/28 MP: 9/9
  3381 | D:3      | Reached skill level 3 in Spellcasting
  3650 | D:3      | Reached skill level 6 in Stealth
  3723 | D:3      | Reached skill level 3 in Short Blades
  4151 | D:3      | Reached XP level 6. HP: 27/32 MP: 7/10
  4374 | D:4      | Reached skill level 6 in Hexes
  4480 | D:4      | Learned a level 3 spell: Dazzling Flash
  4557 | D:4      | Noticed Eustachio
  4620 | D:4      | Found a burning altar of Makhleb.
  4620 | D:4      | Found a broken altar of Ashenzari.
  4620 | D:4      | Found an opulent altar of Gozag.
  4682 | D:4      | Reached skill level 4 in Dodging
  4793 | D:4      | Found a basalt altar of Yredelemnul.
  4877 | D:4      | Found Zaxkoaq's Jewellery Shoppe.
  4893 | D:4      | Noticed Menkaure
  4901 | D:4      | Killed Menkaure
  4902 | D:4      | Reached XP level 7. HP: 33/36 MP: 8/12
  4959 | D:4      | Reached skill level 7 in Stealth
  5017 | D:4      | Killed Eustachio
  5018 | D:4      | Reached skill level 4 in Short Blades
  5145 | D:5      | Entered Level 5 of the Dungeon
  5147 | D:5      | Reached skill level 7 in Hexes
  5432 | D:5      | Reached skill level 4 in Spellcasting
  5531 | D:5      | Reached skill level 5 in Dodging
  5531 | D:5      | Reached XP level 8. HP: 41/41 MP: 14/14
  5558 | D:5      | Reached skill level 8 in Stealth
  5706 | D:5      | Reached skill level 5 in Short Blades
  5777 | D:5      | Reached skill level 8 in Hexes
  5831 | D:5      | Found a staircase to the Ecumenical Temple.
  5841 | Temple   | Entered the Ecumenical Temple
  5950 | Temple   | Became a worshipper of Dithmenos the Shadowed
  6355 | D:6      | Identified the +7 whip "Rezogets" {freeze, Will+}
  6866 | D:6      | Reached skill level 9 in Stealth
  7196 | D:6      | Identified the +12 dagger of the Endless Expanse
                  | {antimagic, rC- rN+++ Str+4}
  7221 | D:6      | Reached skill level 6 in Dodging
  7221 | D:6      | Reached skill level 5 in Spellcasting
  7716 | D:7      | Reached XP level 9. HP: 45/45 MP: 16/16
  7975 | D:7      | Found Jimpafenk's Armour Shoppe.
  8451 | D:7      | Found Kyer's Antique Weapon Emporium.
  8684 | D:8      | Noticed Maurice
  8684 | D:8      | Noticed a deep elf pyromancer
  8738 | D:8      | Reached * piety under Dithmenos
  8836 | D:8      | Noticed Joseph
  9396 | D:8      | Reached skill level 6 in Short Blades
  9396 | D:8      | Reached skill level 9 in Hexes
  9516 | D:8      | Noticed a death yak
  9516 | D:8      | Noticed a death yak
  9575 | D:8      | Killed Joseph
  9576 | D:8      | Reached skill level 10 in Stealth
  9801 | D:8      | Identified the +2 leather armour "Kowaoz" {rF+ Str+3 Int-5
                  | SInv}
  9969 | D:8      | Found a staircase to the Lair.
  9970 | D:8      | Killed Maurice
 10018 | D:8      | Found a snail-covered altar of Cheibriados.
 10040 | D:8      | Noticed Maggie
 10043 | D:8      | Killed Maggie
 10044 | D:8      | Reached skill level 7 in Dodging
 10044 | D:8      | Reached skill level 6 in Spellcasting
 10091 | D:8      | Reached skill level 10 in Hexes
 10126 | D:8      | Reached skill level 7 in Short Blades
 10357 | D:8      | Noticed a death yak
 10926 | D:9      | Noticed a boulder beetle
 10954 | D:9      | Reached XP level 10. HP: 50/50 MP: 4/19
 10963 | D:9      | Reached skill level 11 in Stealth
 11413 | D:9      | Reached ** piety under Dithmenos
 11619 | D:9      | Noticed a three-headed hydra
 11647 | D:9      | Killed a three-headed hydra
 11745 | D:9      | Reached skill level 8 in Dodging
 11832 | D:9      | Reached skill level 11 in Hexes
 11988 | D:9      | Found a stormy altar of Qazlal.
 12163 | D:9      | Killed a boulder beetle
 12164 | D:9      | Reached skill level 8 in Short Blades
 12164 | D:9      | Reached skill level 12 in Stealth
 12164 | D:9      | Reached skill level 7 in Spellcasting
 12279 | D:10     | Entered Level 10 of the Dungeon
 12285 | D:10     | Noticed a two-headed ogre
 12290 | D:10     | Noticed a two-headed ogre
 12297 | D:10     | Killed a two-headed ogre
 12616 | D:10     | Reached XP level 11. HP: 48/54 MP: 19/21
 12829 | D:10     | Reached skill level 12 in Hexes
 12842 | D:10     | Reached skill level 9 in Dodging
 12845 | D:10     | Reached skill level 13 in Stealth
 13064 | D:9      | Killed a two-headed ogre
 13065 | D:9      | Reached skill level 9 in Short Blades
 13156 | D:10     | Found a staircase to the Orcish Mines.
 13906 | D:10     | Reached skill level 8 in Spellcasting
 13913 | D:10     | Reached *** piety under Dithmenos
 14085 | D:10     | Found a sparkling altar of Nemelex Xobeh.
 14097 | D:10     | Noticed a two-headed ogre
 14107 | D:10     | Killed a two-headed ogre
 14699 | D:11     | Found Zid Fuonk's General Store.
 14889 | D:11     | Noticed a two-headed ogre
 14891 | D:11     | Reached skill level 14 in Stealth
 14891 | D:11     | Reached skill level 13 in Hexes
 14906 | D:11     | Killed a two-headed ogre
 15005 | D:11     | Noticed a boulder beetle
 15012 | D:11     | Killed a boulder beetle
 15013 | D:11     | Reached XP level 12. HP: 59/59 MP: 24/24
 15228 | D:8      | Reached skill level 10 in Dodging
 15245 | Lair:1   | Entered Level 1 of the Lair of Beasts
 15251 | Lair:1   | Identified a scroll of acquirement
 15251 | Lair:1   | Acquired 1145 gold pieces
 15389 | D:4      | Bought the amulet "Foisaupo" {Reflect Dex+5 SH+5} for 665
                  | gold pieces
 15613 | Lair:1   | Reached skill level 10 in Short Blades
 16457 | Lair:2   | Noticed a six-headed hydra
 16457 | Lair:2   | Noticed an eight-headed hydra
 16779 | Lair:2   | Reached skill level 15 in Stealth
 16784 | Lair:2   | Found a transporter.
 16802 | Lair:2   | Reached skill level 9 in Spellcasting
 16805 | Lair:2   | Reached skill level 14 in Hexes
 16869 | Lair:2   | Noticed mememasterpepo's ghost (novice DgCj)
 16989 | Lair:2   | Found a transporter.
 17041 | Lair:2   | Killed a six-headed hydra
 17083 | Lair:2   | Noticed a seven-headed hydra
 17401 | Lair:3   | Reached **** piety under Dithmenos
 17427 | Lair:3   | Noticed a seven-headed hydra
 17435 | Lair:3   | Killed a seven-headed hydra
 17436 | Lair:3   | Reached skill level 11 in Dodging
 17676 | Lair:3   | Noticed Urug
 17683 | Lair:3   | Killed Urug
 17684 | Lair:3   | Reached skill level 11 in Short Blades
 17854 | Lair:3   | Noticed a boulder beetle
 18097 | Lair:3   | Reached XP level 13. HP: 63/63 MP: 26/26
 18620 | Lair:4   | Reached skill level 16 in Stealth
 18668 | Lair:4   | Found a staircase to the Snake Pit.
 18773 | Lair:3   | Mangled by a death yak

Vanquished Creatures
  3 boulder beetles
  3 hydras
  4 two-headed ogres
  Urug (Lair:3)
  A deep elf pyromancer (D:8)
  4 elephants (Lair:2)
  4 black mambas
  Maurice (D:8)
  7 cane toads
  Joseph (D:8)
  Maggie (D:8)
  5 komodo dragons
  A rime drake (Lair:1)
  2 trolls
  A hornet (D:9)
  2 dream sheep (D:9)
  A polar bear (Lair:4)
  3 blink frogs (Lair:2)
  A wraith (D:10)
  A shadow (D:11)
  2 vampires (D:10)
  3 wyverns
  23 yaks
  3 basilisks
  A steam dragon (D:8)
  Eustachio (D:4)
  Menkaure (D:4)
  4 vampire mosquitoes
  13 water moccasins
  8 orc warriors
  2 black bears
  2 sky beasts
  4 ogres
  2 necrophages
  11 wolves
  3 centaurs
  A phantom (D:5)
  7 kobold brigands
  8 bullfrogs
  2 scorpions (D:5)
  A gnoll sergeant (D:9)
  A water moccasin zombie (D:5)
  9 killer bees
  3 wights (D:9)
  3 howler monkeys
  5 electric eels (Lair:3)
  A jelly (D:3)
  6 centaur zombies
  5 orc priests
  A bullfrog skeleton (D:7)
  A gnoll shaman (D:9)
  A hound (D:5)
  4 iguanas
  9 orc wizards
  2 hell rats (D:8)
  2 howler monkey zombies
  7 gnolls
  5 adders
  A river rat (D:8)
  2 shadow imps
  A white imp (D:6)
  An ufetubus (D:6)
  2 adder skeletons
  4 dart slugs
  39 orcs
  10 endoplasms
  13 goblins
  12 hobgoblins
  7 quokkas
  5 ball pythons
  7 frilled lizards
  2 kobolds (D:2)
  7 rats
327 creatures vanquished.

Vanquished Creatures (collateral kills)
  A vampire mosquito (D:10)
  4 ogres
  A wight (D:9)
  An iguana (D:5)
  An orc wizard (D:5)
  Robin (D:2)
  2 gnolls (D:10)
  8 orcs
19 creatures vanquished.

Vanquished Creatures (others)
  6 dancing weapons
  3 fungi
  17 plants
26 creatures vanquished.

Grand Total: 372 creatures vanquished

Table legend: (Time is in decaauts)
 A = Elapsed time spent in this place.
 B = Non-inter-level travel time spent in this place.
 C = Inter-level travel time spent in this place.
 D = Time resting spent in this place.
 E = Time spent auto-exploring this place.
 F = Levels seen in this place.
 G = Mean time per level.
                   A        B        C        D        E       F      G
               +--------+--------+--------+--------+--------+-----+--------+
         Total |  18463 |  16366 |   2097 |   3109 |   9569 |  16 | 1153.9 |
       Dungeon |  15210 |  13614 |   1596 |   2995 |   7666 |  11 | 1382.7 |
        Temple |    129 |     71 |     58 |      0 |     60 |   1 |  129.0 |
          Lair |   3123 |   2680 |    443 |    114 |   1843 |   4 |  780.8 |
               +--------+--------+--------+--------+--------+-----+--------+

Top non-repeatable levels by time:
     D:8: 2119 daAuts
     D:9: 1994 daAuts
     D:2: 1822 daAuts
    D:10: 1647 daAuts
     D:6: 1496 daAuts
     D:1: 1273 daAuts
  Lair:3: 1248 daAuts
     D:3: 1201 daAuts
     D:7: 1127 daAuts
     D:4: 1012 daAuts
  Lair:1: 924 daAuts
     D:5: 919 daAuts
  Lair:2: 847 daAuts
    D:11: 595 daAuts
  Temple: 129 daAuts

Table legend:
 A = Non-vault XP
 B = Vault XP
 C = Vault XP percentage of total XP
 D = Non-vault monster count
 E = Vault monster count
 F = Vault count percentage of total count
                 A         B        C        D         E       F
            +---------+---------+-------+---------+---------+-------
      Total |   28809 |   14693 |  33.8 |     268 |      78 |  22.5
            +---------+---------+-------+---------+---------+-------
        D:1 |      28 |       4 |  12.5 |      17 |       2 |  10.5
        D:2 |     113 |      31 |  21.5 |      25 |      10 |  28.6
        D:3 |     210 |       0 |   0.0 |      28 |       0 |   0.0
        D:4 |     324 |     368 |  53.2 |      19 |       2 |   9.5
        D:5 |     736 |     252 |  25.5 |      22 |       2 |   8.3
        D:6 |     644 |       0 |   0.0 |      15 |       0 |   0.0
        D:7 |     209 |       0 |   0.0 |       7 |       0 |   0.0
        D:8 |    1784 |    1323 |  42.6 |      24 |       8 |  25.0
        D:9 |    2456 |    3094 |  55.7 |      21 |      12 |  36.4
       D:10 |    4075 |    3791 |  48.2 |      18 |      22 |  55.0
       D:11 |    3193 |       0 |   0.0 |      11 |       0 |   0.0
     Lair:1 |    4123 |     775 |  15.8 |      19 |       2 |   9.5
     Lair:2 |    5436 |       0 |   0.0 |      17 |       0 |   0.0
     Lair:3 |    3774 |    3543 |  48.4 |      19 |      12 |  38.7
     Lair:4 |    1704 |    1512 |  47.0 |       6 |       6 |  50.0
            +---------+---------+-------+---------+---------+-------
